 Dungeon Crawl Stone Soup version 0.22-a0-422-g9628fc8 (webtiles) character file.

15345 Amnesiac the Martial Artist (level 12, -1/59 HPs)
             Began as a Spriggan Transmuter on May 18, 2018.
             Was a High Priest of Okawaru.
             Slain by a hell knight
             ... wielding a +1 great mace
              (35 damage)
             ... on level 11 of the Dungeon.
             The game lasted 00:36:02 (17733 turns).

Amnesiac the Martial Artist (Spriggan Transmuter)  Turns: 17733, Time: 00:36:03

Health: -1/59      AC:  4    Str:  6    XL:     12   Next: 0%
Magic:  23/25      EV: 25    Int: 19    God:    Okawaru [*****.]
Gold:   471        SH:  0    Dex: 17    Spells: 5/27 levels left

rFire    + . .     SeeInvis +     - Unarmed
rCold    . . .     Gourm    .   (shield currently unavailable)
rNeg     . . .     Faith    .   b - +1 robe
rPois    .         Spirit   .   l - +0 hat
rElec    .         Reflect  .   F - +0 cloak {+Inv}
rCorr    .         Harm     .   (gloves unavailable)
MR       ++...                  (boots unavailable)
Stlth    ++........             (no amulet)
HPRegen  0.19/turn              d - ring of flight
MPRegen  0.19/turn              c - ring of protection from fire

@: blade hands (expiring), flying, very quick
A: very small, unfitting armour, see invisible, herbivore, speed 3, slow
metabolism 2
a: End Transformation, Heroism, Finesse, Renounce Religion, Evoke Invisibility,
Stop Flying


You were on level 11 of the Dungeon.
You worshipped Okawaru.
Okawaru was extremely pleased with you.
You were full.
You had blades for hands.
You visited 2 branches of the dungeon, and saw 14 of its levels.
You also visited: Ossuary.

You collected 744 gold pieces.
You spent 273 gold pieces at shops.

Inventory:

Hand Weapons
 N - a +2 shortbow of electrocution
Missiles
 a - 47 arrows
 k - 64 sling bullets
 q - 304 stones (quivered)
Armour
 b - a +1 robe (worn)
 l - a +0 hat (worn)
 F - a +0 cloak of invisibility (worn)
 O - a +0 troll leather armour
Jewellery
 c - a ring of protection from fire (right scythe-like blade)
 d - a ring of flight (left scythe-like blade)
 j - an uncursed ring of wizardry
 x - an uncursed ring of resist corrosion
 y - a +3 ring of protection
 D - an uncursed ring of ice
Wands
 G - a wand of disintegration (15)
 I - a wand of polymorph (14)
 M - a wand of paralysis (6)
 P - a wand of acid (16)
 R - a wand of scattershot (6)
 S - a wand of digging (11)
Scrolls
 e - a scroll of enchant weapon {!r}
 f - a scroll of fear {!r}
 g - 8 scrolls of remove curse {!r}
 o - 4 scrolls of amnesia {!r}
 p - 2 scrolls of identify {!r}
 r - a scroll of fog {!r}
 t - 7 scrolls of teleportation {!r}
 C - 2 scrolls of enchant armour {!r}
Potions
 h - 5 potions of mutation {!q, unknown}
 i - 4 potions of agility {!q, unknown}
 m - 6 potions of curing {!q}
 n - 2 potions of might {!q, unknown}
 s - 4 potions of flight {!q}
 u - a potion of resistance {!q}
 v - 2 potions of lignification {!q}
 z - 2 potions of magic {!q, unknown}
 B - a potion of ambrosia {!q}
 H - 3 potions of haste {!q}
 L - a potion of brilliance {!q}
Comestibles
 A - a ration


   Skills:
 * Level 4.8 Fighting
 - Level 1.0 Bows
 + Level 9.9 Dodging
 - Level 11.2 Unarmed Combat
 - Level 8.0 Spellcasting
 - Level 8.1 Transmutations
 - Level 8.0 Invocations


You had 5 spell levels left.
You knew the following spells:

 Your Spells              Type           Power        Failure   Level  Hunger
a - Blade Hands           Tmut           #####.....   43%         5    #####..
b - Sticks to Snakes      Tmut           #####...     12%         2    None
d - Mephitic Cloud        Conj/Pois/Air  #.......     69%         3    None
e - Spider Form           Tmut/Pois      ###.......   32%         3    None
f - Ice Form              Ice/Tmut       ###.....     58%         4    ###....
s - Conjure Flame         Conj/Fire      #.......     69%         3    None
v - Blink                 Tloc           N/A          54%         2    None

Your spell library contained the following spells:

 Spells                   Type           Power        Failure   Level  Hunger
 Magic Dart               Conj           #...         43%         1    None
 Slow                     Hex            #.......     54%         2    None
 Call Imp                 Summ           #.......     54%         2    None
 Beastly Appendage        Tmut           #####.       10%         1    None


Dungeon Overview and Level Annotations

Branches:
Dungeon (13/15)            Temple (1/1) D:4            Lair (0/6) D:9
    Orc (0/2) D:12
 Vaults: D:13-14

Altars:
Ashenzari
Cheibriados
Dithmenos
Elyvilon
Fedhas
Gozag
Hepliaklqana
Kikubaaqudgha
Makhleb
Nemelex Xobeh
Okawaru
Qazlal
Ru
Sif Muna
Trog
Uskayaw
Vehumet
Wu Jian
Xom
Yredelemnul
Zin
The Shining One

Shops:
D:5 *=[?   D:6 %   D:9 :

Annotations:
D:10 1 runed door


Innate Abilities, Weirdness & Mutations

You are very small and have problems with some larger weapons.
You are too small for most types of armour.
You have supernaturally acute eyesight. (SInv)
You are a herbivore.
You cover ground extremely quickly.
You need to consume almost no food.


Message History

You start resting.
Your transformation is almost over.
You start resting.
You warm up again.
You become transparent for a moment.
You start resting.
HP restored.
You start resting.
HP restored.
Partly explored, can't reach some places.
Partly explored, can't reach some places.
You see here a ring mail.
Casting: Ice Form (slightly dangerous; 19% risk of failure)
Confirm with . or Enter, or press ? or * to list all spells.
Your hands turn into razor-sharp scythe blades.
You hit the phantom but do no damage. You slice the phantom!!
The phantom is severely damaged.
The phantom barely misses you.
You slash the phantom!
The phantom is almost destroyed.
The phantom closely misses you.
You slice the phantom!!
You destroy the phantom!
Okawaru accepts your kill.
You have reached level 12!
Your experience leads to an increase in your attributes!
Increase (S)trength, (I)ntelligence, or (D)exterity?
You feel clever.
You see here a yak skeleton.
You feel very buoyant.
You fly up into the air.
You feel somewhat more hungry.
Found a ration.
A - 4 rations (gained 1)
A hell knight comes into view. It is wielding an enchanted great mace.
You eat one of the 4 rations.
That ration really hit the spot!
You eat one of the 3 rations.
That ration really hit the spot!
You eat one of the 2 rations.
That ration really hit the spot!
Your transformation is almost over.
You completely miss the hell knight.
The hell knight hits you with an enchanted great mace!
You completely miss the hell knight. You barely miss the hell knight.
The hell knight hits you with an enchanted great mace!!
You hit the hell knight.
The hell knight is lightly wounded.
You slash the hell knight!
The hell knight is lightly wounded.
The hell knight misses you.
You hit the hell knight.
The hell knight is moderately wounded.
The hell knight gestures at you while chanting.
You resist with almost no effort.
You hit the hell knight but do no damage.
The hell knight is moderately wounded.
You slash the hell knight!
The hell knight is heavily wounded.
The hell knight casts a spell.
The hell knight seems to speed up.
You slash the hell knight! You slash the hell knight.
The hell knight is severely wounded.
The hell knight hits you with an enchanted great mace!!
Ouch! That really hurt!
You die...

#.##..########.##
########.##...........#
#...#................##
##########...#.#############.##
#..............#.. #.#
..#####......#.#.# #.#
........##.....#.# #.#
###....###.....#p# #.# ###.####
#...#.#@# #.## .##.# ##..##.#.#
#..### ....# ###..[...#.#
#..... .#### #........#.#
#.#### ## ##........#.# #.#
######.........#.#########.#.#
..T............#...........#.#
§######........####≈≈≈≈≈####.#
...[# #........÷.....!.......#


You could see a hell knight.

Vanquished Creatures
  The ghost of Ratty the Prestidigitator, a journeyman DDFi of Makhleb (D:10)
  2 hydras (D:11)
  A two-headed ogre (D:12)
  The ghost of Ratty the Warrior, a novice KoBe of Trog (D:8)
  A deep elf mage (D:8)
  Maurice (D:8)
  A gargoyle (D:12)
  5 trolls
  3 hippogriffs
  Sigmund (D:3)
  13 yaks
  A hungry ghost (D:12)
  5 hell hounds
  An orc warrior (D:12)
  2 sky beasts
  3 ice beasts
  3 black bears
  2 eyes of draining (D:5)
  4 phantoms
  6 centaurs
  7 ogres
  2 big kobolds (D:9)
  2 elf zombies (Ossuary)
  7 bullfrogs
  A wyvern zombie (D:10)
  A water moccasin skeleton (D:10)
  2 scorpions
  7 crimson imps
  4 centaur zombies
  A quasit (D:9)
  2 gnoll shamans
  2 hounds (D:12)
  6 jellies
  3 bullfrog skeletons
  4 orc priests
  A centaur skeleton (D:8)
  3 iguanas
  8 orc wizards
  6 worker ants
  2 hound zombies
  A hound skeleton (D:4)
  2 mummies (Ossuary)
  A worker ant zombie (D:7)
  13 gnolls
  11 adders
  5 shadow imps
  7 oozes
  An adder skeleton (D:4)
  4 adder zombies
  4 dart slugs
  4 worms
  4 leopard geckos
  75 orcs
  A ball python (D:3)
  12 bats
  8 giant cockroaches
  4 goblins
  6 hobgoblins
  8 jackals
  5 quokkas
  14 frilled lizards
  A gnoll zombie (Ossuary)
  2 goblin zombies (Ossuary)
  5 hobgoblin zombies (Ossuary)
  3 jackal zombies (Ossuary)
  12 kobolds
  3 kobold zombies (Ossuary)
  3 orc zombies (Ossuary)
  A quokka skeleton (D:6)
  2 quokka zombies (Ossuary)
  9 rats
  5 rat zombies (Ossuary)
364 creatures vanquished.

Vanquished Creatures (collateral kills)
  2 two-headed ogres
  Pikel (D:8)
  2 ugly things (D:12)
  2 hungry ghosts (D:10)
  An elf zombie (Ossuary)
  A human zombie (Ossuary)
  A worker ant (D:4)
  A mummy (Ossuary)
  A leopard gecko (D:1)
  2 orcs (D:11)
  A quokka zombie (Ossuary)
15 creatures vanquished.

Grand Total: 379 creatures vanquished

Notes
Turn   | Place    | Note
-------+----------+-------------------------------------------
     0 | D:1      | Amnesiac the Spriggan Transmuter began the quest for the Orb.
     0 | D:1      | Reached XP level 1. HP: 9/9 MP: 5/5
   280 | D:1      | Reached skill level 1 in Fighting
   319 | D:1      | Reached XP level 2. HP: 12/14 MP: 6/6
   337 | D:1      | Learned a level 2 spell: Sticks to Snakes
   982 | D:1      | Reached XP level 3. HP: 12/18 MP: 8/8
  1648 | D:2      | Reached XP level 4. HP: 22/22 MP: 8/10
  1695 | D:2      | Learned a level 3 spell: Spider Form
  1741 | D:2      | Reached skill level 3 in Unarmed Combat
  1939 | D:2      | Reached skill level 5 in Transmutations
  2094 | D:2      | Reached XP level 5. HP: 19/25 MP: 8/12
  2117 | D:2      | Learned a level 5 spell: Blade Hands
  3121 | D:3      | Found an opulent altar of Gozag.
  3167 | D:3      | Found a faded altar of an unknown god.
  3210 | D:3      | Noticed Sigmund
  3228 | D:3      | Killed Sigmund
  3228 | D:3      | Reached skill level 5 in Spellcasting
  3228 | D:3      | Reached XP level 6. HP: 14/30 MP: 11/14
  3674 | D:4      | Found a staircase to the Ecumenical Temple.
  3702 | Temple   | Entered the Ecumenical Temple
  4172 | D:4      | Reached XP level 7. HP: 33/33 MP: 13/16
  5842 | D:5      | Entered Level 5 of the Dungeon
  6080 | D:5      | Found Topraemo's Jewellery Shop.
  6101 | D:5      | Found a sand-covered staircase.
  6112 | Ossuary  | Entered an ossuary
  6275 | Ossuary  | Reached XP level 8. HP: 7/37 MP: 16/21
  6301 | Ossuary  | Reached skill level 4 in Unarmed Combat
  7183 | D:5      | Found Surokh's Assorted Antiques.
  7300 | D:5      | Found Sysmaclu's Antique Armour Emporium.
  7356 | D:5      | Reached skill level 5 in Unarmed Combat
  7383 | D:5      | Found Noutoteg's Magic Scroll Shop.
  7436 | D:5      | Bought a +3 ring of protection for 273 gold pieces
  7674 | D:5      | Found a bloodstained altar of Trog.
  7817 | D:6      | Found Fuzyp's Food Shoppe.
  7925 | D:6      | Found a shattered altar of Ashenzari.
  7925 | D:6      | Found an ancient bone altar of Kikubaaqudgha.
  7925 | D:6      | Found a deep blue altar of Sif Muna.
  7926 | D:6      | Found an iron altar of Okawaru.
  7932 | D:6      | Became a worshipper of Warmaster Okawaru
  7979 | D:6      | Reached skill level 6 in Unarmed Combat
  8405 | D:6      | Reached skill level 7 in Unarmed Combat
  8624 | D:7      | Found a radiant altar of Vehumet.
  8690 | D:7      | Reached XP level 9. HP: 20/41 MP: 22/22
  8987 | D:7      | Reached * piety under Okawaru
  9546 | D:8      | Reached skill level 8 in Unarmed Combat
  9822 | D:8      | Noticed Ratty's ghost (novice KoBe)
 10010 | D:8      | Noticed Maurice
 10033 | D:8      | Killed Maurice
 10077 | D:8      | Noticed Pikel
 10141 | D:8      | Killed Pikel
 10141 | D:8      | Reached skill level 9 in Unarmed Combat
 10207 | D:8      | Reached ** piety under Okawaru
 10252 | D:8      | Noticed a deep elf mage
 10271 | D:8      | Killed a deep elf mage
 10271 | D:8      | Reached skill level 10 in Unarmed Combat
 10392 | D:8      | Killed Ratty's ghost
 10392 | D:8      | Reached XP level 10. HP: 22/45 MP: 17/23
 10664 | D:9      | Learned a level 2 spell: Blink
 10668 | D:9      | Learned a level 3 spell: Mephitic Cloud
 10672 | D:9      | Learned a level 3 spell: Conjure Flame
 10689 | D:9      | Learned a level 4 spell: Ice Form
 10851 | D:9      | Found a staircase to the Lair.
 11181 | D:9      | Found Tiocwimi's Book Boutique.
 11185 | D:9      | Noticed a two-headed ogre
 11240 | D:9      | Killed a two-headed ogre
 11240 | D:9      | Reached skill level 11 in Unarmed Combat
 11570 | D:9      | Reached *** piety under Okawaru
 11604 | D:9      | Reached skill level 1 in Invocations
 12236 | D:10     | Entered Level 10 of the Dungeon
 12275 | D:10     | Reached skill level 1 in Bows
 12619 | D:10     | Found a runed door.
 12619 | D:10     | Noticed a deep elf archer
 12619 | D:10     | Noticed a war gargoyle
 12619 | D:10     | Noticed a storm dragon
 12621 | D:10     | Noticed a deep troll
 12621 | D:10     | Noticed a hell knight
 12621 | D:10     | Noticed a frost giant
 12621 | D:10     | Noticed a deep troll
 12957 | D:10     | You fall through a shaft!
 12960 | D:11     | Noticed a six-headed hydra
 13268 | D:10     | Noticed a two-headed ogre
 13320 | D:10     | Killed a two-headed ogre
 13320 | D:10     | Reached **** piety under Okawaru
 13320 | D:10     | Reached skill level 5 in Dodging
 13320 | D:10     | Reached skill level 5 in Invocations
 13472 | D:10     | Reached XP level 11. HP: 15/49 MP: 8/24
 13894 | D:10     | Noticed Ratty's ghost (journeyman DDFi)
 13905 | D:10     | Killed Ratty's ghost
 14226 | D:11     | Reached ***** piety under Okawaru
 14667 | D:12     | Noticed a two-headed ogre
 14679 | D:12     | Killed a two-headed ogre
 14959 | D:12     | Identified a scroll of acquirement {!r}
 15696 | D:12     | Found a staircase to the Orcish Mines.
 15879 | D:12     | Received a gift from Okawaru
 16000 | D:12     | Noticed a green ugly thing
 16058 | D:12     | Killed a green ugly thing
 16239 | D:12     | Noticed a red ugly thing
 16280 | D:12     | Killed a red ugly thing
 16558 | D:11     | Noticed a seven-headed hydra
 16568 | D:11     | Killed a seven-headed hydra
 17423 | D:11     | Killed a six-headed hydra
 17702 | D:11     | Reached XP level 12. HP: 59/59 MP: 19/25
 17733 | D:11     | Slain by a hell knight

Vault maps used:
D:1:      lightli_arrival_flooded_house, grunt_decor_cap
D:2:      minmay_door_square
D:3:      grunt_gozag_breadcrumbs, first_ration,
          chequers_ecumenical_altar_island, uniq_sigmund
D:4:      minmay_temple_entry_glass, serial_bayou_ford_a
D:5:      trog_eyes_of_draining, enter_ossuary_1, serial_shops,
          nicolae_shop_stone, shop, shop, shop_fountains
D:6:      chequers_temple_overflow_statue_of_worship, serial_shops, shop
D:7:      basic_altar
D:8:      guppyfry_early_elven_hall, uniq_maurice, uniq_pikel
D:9:      minmay_lair_entry_lava, serial_shops, shop
D:10:     minmay_gate_of_8, hangedman_little_slice_of_home
D:11:     minmay_rotating_lava
D:12:     hiddenorc2_lemuel
D:13:     cheibrodos_frozen_isle, nicolae_qazlal_eye_of_the_storm
Temple:   lightli_temple_of_artemis
Ossuary:  minmay_ossuary_two_tombs

Skill      XL: |  1  2  3  4  5  6  7  8  9 10 11 |
---------------+----------------------------------+-----
Transmutations | 3 4 5 7 8 |  8.1
Fighting       | 1 4 |  4.8
Spellcasting   | 3 4 5 8 |  8.0
Unarmed Combat | 3 7 10 11 | 11.2
Invocations    | 5 8 |  8.0
Bows           | 1 |  1.0
Dodging        | 5 9 |  9.9

Action                   |  1- 3 |  4- 6 |  7- 9 | 10-12 || total
-------------------------+-------+-------+-------+-------++-------
Melee: Unarmed           |   102 |   234 |   644 |   511 ||  1491
       Kick              |    16 |       |       |       ||    16
       Headbutt          |     5 |       |       |       ||     5
       Punch             |       |     1 |     1 |    11 ||    13
 Fire: Hunting sling     |    50 |     1 |       |       ||    51
       Shortbow          |       |       |       |    25 ||    25
 Cast: Beastly Appendage |    16 |     1 |     1 |       ||    18
       Sticks to Snakes  |     2 |       |    18 |    44 ||    64
       Spider Form       |       |    19 |    44 |    23 ||    86
       Blade Hands       |       |     2 |     7 |    31 ||    40
       Ice Form          |       |       |       |     3 ||     3
Invok: Heroism           |       |       |     2 |     6 ||     8
       Finesse           |       |       |       |     1 ||     1
 Abil: Evoke Flight      |       |       |       |     2 ||     2
Evoke: Wand              |       |       |       |     8 ||     8
  Use: Scroll            |       |     5 |       |    17 ||    22
       Potion            |       |       |     2 |     1 ||     3
 Stab: Sleeping          |     2 |     5 |     3 |     2 ||    12
       Distracted        |       |       |       |     2 ||     2
  Eat: Ration            |       |     2 |     7 |    12 ||    21
Armor: Robe              |    16 |     9 |    25 |    17 ||    67
       Skin              |       |     9 |    33 |    26 ||    68
Dodge: Dodged            |    88 |   172 |   513 |   416 ||  1189

Table legend:
 A = Spawn XP
 B = Non-spawn XP
 C = Spawn XP percentage of total XP
 D = Spawn monster count
 E = Non-spawn monster count
 F = Spawn count percentage of total count
 G = Total turns spent on level
                    A         B        C        D         E        F      G
               +---------+---------+-------+---------+---------+-------+---------
         Total |       0 |   21922 |   0.0 |       0 |     379 |   0.0 | 17733
               +---------+---------+-------+---------+---------+-------+---------
           D:1 |       0 |      55 |   0.0 |       0 |      27 |   0.0 |  1488
           D:2 |       0 |     161 |   0.0 |       0 |      28 |   0.0 |  1245
           D:3 |       0 |     474 |   0.0 |       0 |      37 |   0.0 |  1499
           D:4 |       0 |     601 |   0.0 |       0 |      25 |   0.0 |  1333
           D:5 |       0 |     421 |   0.0 |       0 |      23 |   0.0 |   837
           D:6 |       0 |     605 |   0.0 |       0 |      23 |   0.0 |   826
           D:7 |       0 |     560 |   0.0 |       0 |      19 |   0.0 |   985
           D:8 |       0 |    3043 |   0.0 |       0 |      13 |   0.0 |  1051
           D:9 |       0 |    2310 |   0.0 |       0 |      25 |   0.0 |  1648
          D:10 |       0 |    3847 |   0.0 |       0 |      39 |   0.0 |  1918
          D:11 |       0 |    5184 |   0.0 |       0 |      29 |   0.0 |  1363
          D:12 |       0 |    4093 |   0.0 |       0 |      51 |   0.0 |  2207
          D:13 |       0 |     152 |   0.0 |       0 |       2 |   0.0 |     9
        Temple |       0 |       3 |   0.0 |       0 |       1 |   0.0 |   277
       Ossuary |       0 |     413 |   0.0 |       0 |      37 |   0.0 |  1047
               +---------+---------+-------+---------+---------+-------+---------
